 Dungeon Crawl Stone Soup version 0.25-a0-731-g0472a16d6a (webtiles) character file.

Game seed: 17379165263410198233, levelgen mode: deterministic

108 Anathary the Covert (level 4, -1/22 HPs)
             Began as a Spriggan Assassin on Apr 9, 2020.
             Slain by a gnoll
             ... wielding a +0 club
              (4 damage)
             ... on level 3 of the Dungeon.
             The game lasted 00:10:51 (2756 turns).

Anathary the Covert (Spriggan Assassin)             Turns: 2756, Time: 00:10:51

Health: -1/22      AC:  3    Str:  7    XL:     4   Next: 58%
Magic:  5/5        EV: 18    Int: 12    God:
Gold:   99         SH:  0    Dex: 18    Spells: 3/3 levels left

rFire    . . .     SeeInvis +   a - +2 dagger
rCold    . . .     Gourm    .   (shield restricted)
rNeg     . . .     Faith    .   b - +0 robe
rPois    .         Spirit   .   (helmet restricted)
rElec    .         Reflect  .   c - +0 cloak
rCorr    .         Harm     .   (gloves unavailable)
MR       .....                  (boots unavailable)
Stlth    +++++.....             (no amulet)
HPRegen  0.07/turn              r - ring of stealth
MPRegen  0.09/turn              (no ring)

@: very quick
A: very small, unfitting armour, see invisible, herbivore, speed 3, slow
metabolism 2
a: no special abilities


You were on level 3 of the Dungeon.
You were not hungry.

You visited 1 branch of the dungeon, and saw 3 of its levels.

You collected 99 gold pieces.

Inventory:

Hand Weapons
 a - a +2 dagger (weapon)
Missiles
 d - 8 poisoned darts (quivered)
 e - 2 curare-tipped darts
Armour
 b - a +0 robe (worn)
 c - a +0 cloak (worn)
Jewellery
 r - a ring of stealth (left hand)
 s - an uncursed amulet of the acrobat {unknown}
Wands
 p - a wand of iceblast (6)
Scrolls
 g - 4 scrolls of remove curse {unknown}
 h - a scroll of magic mapping {unknown}
 j - 2 scrolls of amnesia {unknown}
 l - a scroll of fog {unknown}
 m - a scroll of noise {unknown}
 q - 2 scrolls of identify {unknown}
Potions
 i - a potion of curing {unknown}
 k - a potion of brilliance {unknown}
 n - a potion of resistance {unknown}
 o - 2 potions of mutation {unknown}
Comestibles
 f - 5 rations


   Skills:
 - Level 1.5 Fighting
 - Level 2.1 Short Blades
 - Level 2.0 Throwing
 + Level 2.3 Dodging
 + Level 9.0 Stealth


You had 3 spell levels left.
You didn't know any spells.
Your spell library was empty.

Dungeon Overview and Level Annotations

Branches:
Dungeon (3/15)

Altars:
Okawaru


Innate Abilities, Weirdness & Mutations

You are very small and have problems with some larger weapons.
You are too small for most types of armour.
You have supernaturally acute eyesight. (SInv)
You are a herbivore.
You cover ground extremely quickly.
You need to consume almost no food.


Message History

Things that are here:
a +0 club; a hobgoblin corpse You closely miss the goblin.
The gnoll completely misses you. The goblin completely misses you.
You hit the goblin.
The goblin is heavily wounded.
The gnoll hits you with a +0 club!
* * * LOW HITPOINT WARNING * * *
The goblin misses you.
Things that are here:
a +0 halberd; a gnoll corpse You hit the gnoll.
The gnoll is lightly wounded.
The gnoll misses you.
You hit the gnoll.
The gnoll is lightly wounded.
You hit the gnoll but do no damage.
The gnoll is lightly wounded.
The gnoll hits you with a +0 club.
You die...

....^.........########.#####
.(.###........########..# ..
.. ##.#####...........#... #
#.#####.########.[....
#.#......# #.#....
#.#.####.# #.#....
####.#.#g...# #l#....
#..).#.#g#..# #.##...
#.#....#@#..# #.##..#
#.#.#....#..#######gl....
#.#.#....#.....g(gg......
#.#.#....#.#########g....
#.#.#<##.#.# .....
#.#.#.##.#.# .....
#.#.#....#g# ####.
#.#.######.# . #.#.# #.


You could see a gnoll and a goblin.

Vanquished Creatures
  A gnoll (D:3)
  5 adders
  A dart slug (D:1)
  2 leopard geckos
  3 giant cockroaches
  6 hobgoblins
  3 jackals (D:2)
  A quokka (D:2)
  2 ball pythons
  3 bats
  2 frilled lizards
  7 goblins
  5 kobolds
  9 rats
50 creatures vanquished.

Notes
Turn   | Place    | Note
-------+----------+-------------------------------------------
     0 | D:1      | Anathary the Spriggan Assassin began the quest for the Orb.
     0 | D:1      | Reached XP level 1. HP: 10/10 MP: 2/2
   189 | D:1      | Reached skill level 6 in Stealth
   446 | D:1      | Reached XP level 2. HP: 12/14 MP: 3/3
   640 | D:1      | Reached skill level 7 in Stealth
  1516 | D:2      | Reached XP level 3. HP: 18/18 MP: 4/4
  1564 | D:2      | Reached skill level 8 in Stealth
  1824 | D:2      | Reached XP level 4. HP: 8/22 MP: 5/5
  2639 | D:3      | Found an iron altar of Okawaru.
  2738 | D:3      | Reached skill level 9 in Stealth
  2756 | D:3      | Slain by a gnoll

Levels and vault maps discovered:
D:1:      minmay_arrival_widening_spiral_wide, layout_basic
D:2:      layout_basic
D:3:      layout_basic, overflow_temple_1_default, first_ration,
          minmay_goblin_kobold_house

Skill      XL: |  1  2  3  4 |
---------------+-------------+-----
Stealth        | 6 7 8 9 |  9.0
Dodging        | 2 |  2.3
Fighting       | |  1.5
Short Blades   | |  2.1
Throwing       | |  2.0

Action                   |  1- 3 |  4- 6 || total
-------------------------+-------+-------++-------
Melee: Dagger            |   123 |    60 ||   183
 Stab: Distracted        |     3 |       ||     3
       Sleeping          |     4 |     6 ||    10
Armor: Robe              |     7 |     7 ||    14
Dodge: Dodged            |    78 |    36 ||   114

Table legend:
 A = Non-vault XP
 B = Vault XP
 C = Vault XP percentage of total XP
 D = Non-vault monster count
 E = Vault monster count
 F = Vault count percentage of total count
                 A         B        C        D         E       F
            +---------+---------+-------+---------+---------+-------
      Total |     155 |       0 |   0.0 |      50 |       0 |   0.0
            +---------+---------+-------+---------+---------+-------
        D:1 |      26 |       0 |   0.0 |      16 |       0 |   0.0
        D:2 |      89 |       0 |   0.0 |      25 |       0 |   0.0
        D:3 |      40 |       0 |   0.0 |       9 |       0 |   0.0
            +---------+---------+-------+---------+---------+-------
